 Dungeon Crawl Stone Soup version 0.25-a0-100-g33052ceff8 (webtiles) character file.

Game seed: 6534686725746224400, levelgen mode: deterministic

501 Gargoyl the Skirmisher (level 6, -2/52 HPs)
             Began as a Centaur Abyssal Knight on Nov 14, 2019.
             Was a Priest of Lugonu.
             Slain by a gnoll
             ... wielding a +0 flail
              (5 damage)
             ... on level 4 of the Dungeon.
             The game lasted 00:05:06 (4155 turns).

Gargoyl the Skirmisher (Centaur Abyssal Knight)     Turns: 4155, Time: 00:05:07

Health: -2/52      AC: 14    Str: 14    XL:     6   Next: 95%
Magic:  8/8        EV:  5    Int: 11    God:    Lugonu [***...]
Gold:   154        SH:  0    Dex: 11    Spells: 5/5 levels left

rFire    . . .     SeeInvis .   a - +3 hand axe
rCold    . . .     Gourm    .   (no shield)
rNeg     . . .     Faith    .   g - +0 scale mail
rPois    .         Spirit   .   (no helmet)
rElec    .         Reflect  .   b - +2 cloak
rCorr    .         Harm     .   (no gloves)
MR       .....                  j - +0 centaur barding
Stlth    ..........             (no amulet)
HPRegen  0.17/turn              (no ring)
MPRegen  0.11/turn              (no ring)

@: very quick
A: large, hooves 3, deformed body, speed 2, tough skin 3
a: Depart the Abyss, Bend Space, Banish, Renounce Religion


You were on level 4 of the Dungeon.
You worshipped Lugonu.
Lugonu was most pleased with you.
You were not hungry.

You visited 1 branch of the dungeon, and saw 6 of its levels.
You visited the Abyss 1 time.

You collected 154 gold pieces.

Inventory:

Hand Weapons
 a - a +3 hand axe (weapon)
Armour
 b - a +2 cloak (worn)
 g - a +0 scale mail (worn)
 j - a +0 centaur barding (worn)
Jewellery
 l - an uncursed amulet of magic regeneration {unknown}
Wands
 q - a wand of paralysis (12)
Scrolls
 d - 3 scrolls of identify
 f - 3 scrolls of teleportation
Potions
 e - a potion of heal wounds
 h - a potion of agility {unknown}
 i - 2 potions of resistance {unknown}
 k - 2 potions of flight {unknown}
 m - a potion of cancellation {unknown}
 n - a potion of berserk rage {unknown}
 p - a potion of curing {unknown}
Comestibles
 c - 7 rations
 o - 2 chunks of flesh


   Skills:
 + Level 4.1 Fighting
 + Level 4.0 Axes
 * Level 2.9 Armour
 * Level 2.1 Dodging
 * Level 3.7 Invocations


You had 5 spell levels left.
You didn't know any spells.
Your spell library was empty.

Dungeon Overview and Level Annotations

Branches:
Dungeon (6/15)             Temple (0/1) D:4

Altars:
Uskayaw
Xom
The Shining One

Annotations:
Abyss:1 Ijyb


Innate Abilities, Weirdness & Mutations

You have hooves in place of feet.
Armour fits poorly on your strangely shaped body.
You cover ground very quickly.
You have extremely tough skin. (AC +3)


Message History

You resist with some effort. The gnoll hits you but does no damage.
The gnoll shaman calls upon its god to speed up the gnoll.
The gnoll seems to speed up.
You open the door.
The gnoll hits you from afar with a +0 spear.
* * * LOW HITPOINT WARNING * * *
The gnoll hits you but does no damage.
There is an open door here.
The gnoll hits you with a +0 club!
* * * LOW HITPOINT WARNING * * *
Found a lead wand.
You see here a wand of paralysis (12).
q - a wand of paralysis (12)
You hit the gnoll. Your kick misses the gnoll.
The gnoll is moderately wounded.
The gnoll hits you with a +0 club.
* * * LOW HITPOINT WARNING * * *
The gnoll hits you with a +0 flail.
You die...

*,* *,*,*
##..g>.## *,* *,*
*,*,* ##...## *,*
*,***,*,* ###'###
*,* *,,,,,,,*
#..a..# *,,
*****,***
#.....###*** *,*
#.........,, #,*
#.....####**
#.#### ##.....##
#..g@# #.......#
####g####.......#
#.g.g.g......#
########...###
*...# *####


You could see 3 gnolls.

Vanquished Creatures
  A sky beast (D:5)
  A jelly (D:3)
  Crazy Yiuf (D:2)
  An orc priest (D:3)
  2 orc wizards (D:3)
  An iguana (D:5)
  A worker ant (D:4)
  4 gnolls (D:2)
  5 adders
  2 worms
  A dart slug (D:5)
  2 leopard geckos
  14 orcs
  5 giant cockroaches
  13 goblins
  7 hobgoblins
  7 jackals
  9 kobolds
  A quokka (D:3)
  2 ball pythons
  12 bats
  3 frilled lizards
  13 rats
108 creatures vanquished.

Notes
Turn   | Place    | Note
-------+----------+-------------------------------------------
     0 | Abyss:1  | Gargoyl the Centaur Abyssal Knight began the quest for the
                  | Orb.
     0 | Abyss:1  | Reached XP level 1. HP: 19/19 MP: 2/2
    87 | Abyss:1  | Noticed a wretched star
    88 | D:1      | Escaped the Abyss
   156 | D:1      | Reached * piety under Lugonu
   156 | D:1      | Reached XP level 2. HP: 24/26 MP: 3/3
   541 | D:1      | Reached skill level 1 in Dodging
   711 | D:1      | Reached XP level 3. HP: 27/31 MP: 4/4
  1038 | D:2      | Reached XP level 4. HP: 16/38 MP: 5/5
  1275 | D:2      | Found a runed translucent door.
  1276 | D:2      | Noticed Crazy Yiuf
  1288 | D:2      | Killed Crazy Yiuf
  1288 | D:2      | Reached ** piety under Lugonu
  1353 | D:2      | Found a glowing golden altar of the Shining One.
  1938 | D:3      | Found a shimmering altar of Xom.
  2007 | D:3      | Found a hide-covered altar of Uskayaw.
  2035 | D:3      | Reached XP level 5. HP: 35/46 MP: 7/7
  2966 | D:3      | Noticed Ijyb
  2973 | D:3      | Reached *** piety under Lugonu
  2976 | D:3      | Banished Ijyb
  2976 | D:3      | Reached XP level 6. HP: 5/52 MP: 8/8
  3896 | D:4      | Found a staircase to the Ecumenical Temple.
  4001 | D:4      | You fall into a shaft and drop 2 floors!
  4046 | D:5      | Entered Level 5 of the Dungeon
  4088 | D:5      | Noticed a sky beast
  4097 | D:5      | Killed a sky beast
  4155 | D:4      | Slain by a gnoll

Levels and vault maps discovered:
D:1:      dpeg_arrival_water_temple_mockup, layout_loops_ring
D:2:      layout_loops_ring, lemuel_doored_altar, first_ration,
          minmay_misc_feat_ornament, uniq_crazy_yiuf_cottage
D:3:      kennysheep_goblin_castle, layout_basic,
          eat_drink_and_be_merry_uskayaw, lemuel_crystal_altar
D:4:      layout_loops_corners, grunt_temple_overflow_magic_moments,
          minmay_temple_entry_arrows
D:5:      layout_basic
D:6:      layout_gridville, nicolae_overflow_crystal_walls, serial_shops, shop

Skill      XL: |  1  2  3  4  5  6 |
---------------+-------------------+-----
Axes           | 2 3 4 |  4.0
Dodging        | 1 2 |  2.1
Armour         | 2 |  2.9
Invocations    | 3 |  3.7
Fighting       | 4 |  4.1

Action                   |  1- 3 |  4- 6 || total
-------------------------+-------+-------++-------
Melee: Hand axe          |    81 |   205 ||   286
       Kick              |    10 |    37 ||    47
Invok: Depart the Abyss  |     1 |       ||     1
       Bend Space        |       |     1 ||     1
       Banish            |       |     1 ||     1
  Use: Scroll            |     5 |     6 ||    11
  Eat: Chunk             |       |     8 ||     8
Armor: Leather armour    |    14 |       ||    14
       Scale mail        |    24 |   168 ||   192
Dodge: Dodged            |    27 |    70 ||    97

Table legend:
 A = Non-vault XP
 B = Vault XP
 C = Vault XP percentage of total XP
 D = Non-vault monster count
 E = Vault monster count
 F = Vault count percentage of total count
                 A         B        C        D         E       F
            +---------+---------+-------+---------+---------+-------
      Total |     638 |      79 |  11.0 |      96 |      13 |  11.9
            +---------+---------+-------+---------+---------+-------
        D:1 |      47 |       0 |   0.0 |      30 |       0 |   0.0
        D:2 |      94 |      41 |  30.4 |      25 |       1 |   3.8
        D:3 |     248 |      38 |  13.3 |      26 |      12 |  31.6
        D:4 |      64 |       0 |   0.0 |       9 |       0 |   0.0
        D:5 |     185 |       0 |   0.0 |       6 |       0 |   0.0
            +---------+---------+-------+---------+---------+-------
